AoeStats
← ATABEY

African Clearing

510426118Analyzed
4v4 RM · 1d ago on Oct 1, 2026· 22m 55s· 8 players
Game mode
Random Map
Map size
Large (8 player)
Population
200
Speed
Normal
Resources
Standard
Victory
Conquest
Starting age
Dark Age
Ending age
Imperial Age
RankedLock teamsTeams togetherTeam positionsShared explorationLock speedFull tech treeHidden civsTurbo modeCheats
Victory
Defeat
🇹🇷 Mongols · Türkiye
1713
+7
🇹🇷 Tupi · Türkiye
1582
+11
🇹🇷 Magyars · Türkiye
1523
+13
🇹🇷 Koreans · Türkiye
1331
+20
🇺🇸 Huns · United States
1474
-13
🇲🇽 Britons · Mexico
1471
-13
🇺🇸 Koreans · United States
1461
-13
🇨🇴 Spanish · Colombia
1442
-12
PaRappa56
8:42 Loom
12:07 Feudal Age
14:29 Fletching
20:51 Double-Bit Axe
juand400
7:11 Loom
13:06 Feudal Age
17:14 Castle Age
15:48 Double-Bit Axe
16:41 Horse Collar
18:01 Town Watch
MEX_Angel_Tj
9:54 Loom
12:24 Feudal Age
13:24 Double-Bit Axe
14:08 Fletching
14:19 Padded Archer Armor
_WizarD_
7:54 Loom
12:48 Feudal Age
13:38 Double-Bit Axe
17:37 Scale Barding Armor
19:45 Forging
20:49 Gold Mining
20:44 Horse Collar
23:06 Castle Age
ATABEY
12:32 Feudal Age
17:20 Castle Age
15:23 Double-Bit Axe
18:35 Loom
19:57 Scale Barding Armor
Théoden
6:14 Loom
13:35 Feudal Age
15:26 Double-Bit Axe
18:09 Castle Age
16:01 Horse Collar
16:22 Fletching
22:35 Bodkin Arrow
Jrfear
4:04 Loom
12:00 Feudal Age
12:38 Double-Bit Axe
16:18 Scale Barding Armor
18:10 Forging
18:18 Bloodlines
[ICMW] Telepuni
11:22 Loom
13:09 Feudal Age
17:33 Castle Age
22:09 Wheelbarrow
Connection lost

Rejoining the realm…

Still unreachable

The connection could not be restored.

Session expired

The server has moved on; the page needs a fresh start.